 Dungeon Crawl Stone Soup version 0.24.0-123-gd5b16e6ec5 (webtiles) character file.

Game seed: 2867693804620842190, levelgen mode: deterministic

210 Ponchio the Skirmisher (level 5, -4/35 HPs)
             Began as a Gargoyle Fighter on Dec 31, 2019.
             Killed by divine providence
             ... invoked by an orc priest
              (13 damage)
             ... on level 3 of the Dungeon.
             The game lasted 00:06:14 (2627 turns).

Ponchio the Skirmisher (Gargoyle Fighter)           Turns: 2627, Time: 00:06:15

Health: -4/35      AC:  9    Str: 20    XL:     5   Next: 88%
Magic:  5/5        EV:  8    Int:  8    God:
Gold:   109        SH:  9    Dex: 10    Spells: 4/4 levels left

rFire    . . .     SeeInvis .   a - +0 flail
rCold    . . .     Gourm    .   c - +0 shield
rNeg     + . .     Faith    .   h - +0 ring mail
rPois    ∞         Spirit   .   (no helmet)
rElec    +         Reflect  .   (no cloak)
rCorr    .         Harm     .   (no gloves)
MR       .....                  (no boots)
Stlth    ..........             (no amulet)
HPRegen  0.11/turn              (no ring)
MPRegen  0.09/turn              (no ring)

@: no status effects
A: negative energy resistance 1, electricity resistance, unbreathing,
petrification resistance, rot immunity, AC +4
a: no special abilities


You were on level 3 of the Dungeon.
You were very hungry.

You visited 1 branch of the dungeon, and saw 3 of its levels.

You collected 109 gold pieces.

Inventory:

Hand Weapons
 a - a +0 flail (weapon)
Armour
 c - a +0 shield (worn)
 h - a +0 ring mail (worn)
Wands
 i - a wand of enslavement (10)
Scrolls
 g - 5 scrolls of identify
 j - a scroll of magic mapping {unknown}
 l - a scroll of random uselessness {unknown}
Potions
 b - a potion of brilliance
 d - a potion of might
 e - 2 potions of invisibility
 k - a potion of berserk rage
Comestibles
 f - 4 rations


   Skills:
 + Level 5.4 Fighting
 + Level 4.3 Maces & Flails
 - Level 3.2 Armour
 - Level 3.2 Shields


You had 4 spell levels left.
You didn't know any spells.
Your spell library was empty.

Dungeon Overview and Level Annotations

Branches:
Dungeon (3/15)

Altars:
Hepliaklqana
Kikubaaqudgha
Makhleb
Sif Muna
Uskayaw
Wu Jian
Yredelemnul


Innate Abilities, Weirdness & Mutations

You are resistant to torment.
Your stone body is resilient. (AC +4)
You are immune to poison.
You resist negative energy. (rN+)
You are resistant to electric shocks. (rElec)
You can survive without breathing.
You are immune to petrification.
You are immune to rotting.


Message History

You start resting.
The orc priest is too close now for your liking.
The orc priest closely misses you.
You closely miss the orc priest. The orc priest barely misses you.
You closely miss the orc priest.
The orc priest hits you but does no damage.
You closely miss the orc priest.
The orc priest hits you but does no damage.
You hit the orc priest.
The orc priest is lightly wounded.
The orc priest mumbles some strange prayers to Beogh against you.
Beogh smites you!
* * * LOW HITPOINT WARNING * * *
You are too injured to fight recklessly!
You are too injured to fight recklessly!
You hit the orc priest.
The orc priest is heavily wounded.
The orc priest mumbles some strange prayers to Beogh against you.
Beogh smites you!
You die...

.# ##..##.#.####..####.# #.#
.######..................# #.#
............#.....#......######.#
###.############.###.............
#.# #..#......#####... #.#
#.#.#.).>.# #... #.# #.#####.###
#.## #.# #.o...>..# #.# #.#
#@######.## #.# #.# #.# ###..###
#.# #.# #.# #......###.# #.# #.#
#.........#<# ###.#
#.##...≈≈≈≈...#.## #...#
#.##..8≈≈≈≈....... #.###
..##...≈≈≈≈....... #.#
...............(.. #.#
.#####........(...


You could see an orc priest.

Vanquished Creatures
  2 jellies (D:2)
  2 adders
  9 oozes (D:2)
  2 worms (D:2)
  2 dart slugs (D:1)
  2 leopard geckos (D:1)
  An orc (D:3)
  4 ball pythons
  5 giant cockroaches
  8 goblins
  7 hobgoblins
  9 jackals
  13 kobolds
  2 quokkas (D:2)
  5 bats
  2 frilled lizards
  2 rats (D:2)
77 creatures vanquished.

Vanquished Creatures (others)
  9 toadstools (D:2)
9 creatures vanquished.

Grand Total: 86 creatures vanquished

Notes
Turn   | Place    | Note
-------+----------+-------------------------------------------
     0 | D:1      | Ponchio the Gargoyle Fighter began the quest for the Orb.
     0 | D:1      | Reached XP level 1. HP: 14/14 MP: 1/1
    62 | D:1      | Reached XP level 2. HP: 19/19 MP: 2/2
   204 | D:1      | Reached XP level 3. HP: 22/24 MP: 3/3
   215 | D:1      | Reached skill level 4 in Fighting
   598 | D:2      | Found a burning altar of Makhleb.
   611 | D:2      | Found a hide-covered altar of Uskayaw.
   641 | D:2      | Found a hazy altar of Hepliaklqana.
   665 | D:2      | Found a shimmering blue altar of Sif Muna.
   675 | D:2      | Found an ancient bone altar of Kikubaaqudgha.
   803 | D:2      | Reached XP level 4. HP: 18/30 MP: 4/4
   964 | D:2      | Found a basalt altar of Yredelemnul.
  1153 | D:2      | Found an ornate altar of the Wu Jian Council.
  1217 | D:2      | Reached skill level 5 in Fighting
  1217 | D:2      | Reached XP level 5. HP: 16/35 MP: 5/5
  1830 | D:3      | Noticed an orc warrior
  2072 | D:3      | Found a faded altar of an unknown god.
  2627 | D:3      | Killed from afar by an orc priest

Levels and vault maps discovered:
D:1:      dpeg_arrival_boxorama, layout_rooms
D:2:      cheibrodos_fertilizer, layout_loops_ring,
          lemuel_coloured_pillars_altar, nicolae_overflow_hidden_temple,
          lemuel_doored_altar, first_ration
D:3:      layout_loops_ring, chequers_ecumenical_altar_simple,
          hangedman_decor_diamond_cutter, minmay_misc_feat_ornament,
          serial_park_tiny_pond, uniq_natasha, uniq_terence

Skill      XL: |  1  2  3  4  5 |
---------------+----------------+-----
Fighting       | 4 5 |  5.4
Maces & Flails | 3 4 |  4.3
Armour         | |  3.2
Shields        | |  3.2

Action                   |  1- 3 |  4- 6 || total
-------------------------+-------+-------++-------
Melee: Flail             |   122 |   152 ||   274
  Use: Scroll            |       |     6 ||     6
  Eat: Chunk             |       |     5 ||     5
Armor: Scale mail        |    62 |       ||    62
       Ring mail         |    21 |    79 ||   100
Dodge: Dodged            |    54 |    49 ||   103
Block: Shield            |    74 |    96 ||   170
